3AAA
BRINKLEY BELUGAS @ SIOUX FALLS RED PANDAS
07/20/2030
 
TOP OF THE 1ST
Brinkley Belugas batting - Pitching for Sioux Falls Red Pandas : LHP Hwen-thiang Qin
Pitching: LHP Hwen-thiang Qin
Batting: LHB Marcos Deleón 0-0: Ball
1-0: Ball
2-0: Ball
3-0: Base on Balls
Batting: RHB Rubén Campos 0-0: Ball
Wild Pitch!
Marcos Deleón to second
1-0: Foul Ball, location: 2F
1-1: Ball
2-1: Fly out, F8 (Line Drive, 8LD)
Batting: RHB Wu-shiun Wang 0-0: SINGLE (Groundball, 4MD)
Marcos Deleón to third
Runner from 3rd tries for Home, SAFE, no throw
Batting: RHB Danilo Mosca 0-0: Ball
1-0: Fly out, F7 (Flyball, 7D)
Batting: RHB Leo Cadden 0-0: Ball
1-0: Fielders Choice at 2nd, 6-4 (Groundball, 6)
Top of the 1st over - 1 run, 1 hit, 0 errors, 1 left on base; Brinkley 1 - Sioux Falls 0
BOTTOM OF THE 1ST
Sioux Falls Red Pandas batting - Pitching for Brinkley Belugas : RHP Clancy McKinney
Pitching: RHP Clancy McKinney
Batting: RHB Logan Namajunas 0-0: Foul Ball, location: 2F
0-1: Swinging Strike
0-2: Foul Ball, location: 2F
0-2: Ball
1-2: Foul Ball, location: 2F
1-2: SINGLE (Flyball, 7LS)
Batting: RHB Lorenzo Díaz 0-0: Ball
1-0: Ball
2-0: Foul Ball, location: 2F
2-1: Ball
Logan Namajunas is caught stealing 2nd base
3-1: Foul Ball, location: 2F
3-2: Foul Ball, location: 2F
3-2: Foul Ball, location: 2F
3-2: Foul Ball, location: 2F
3-2: Foul Ball, location: 2F
3-2: Foul Ball, location: 2F
3-2: Foul Ball, location: 2F
3-2: Foul Ball, location: 2F
3-2: Ground out 6-3 (Groundball, 6)
Batting: SHB Carlos Kramer 0-0: Ball
1-0: Ball
2-0: Called Strike
2-1: Foul Ball, location: 2F
2-2: Ground out 3-1 (Groundball, 34)
Bottom of the 1st over - 0 runs, 1 hit, 0 errors, 0 left on base; Brinkley 1 - Sioux Falls 0
TOP OF THE 2ND
Brinkley Belugas batting - Pitching for Sioux Falls Red Pandas : LHP Hwen-thiang Qin
Batting: RHB Brandon Cole 0-0: Called Strike
0-1: Foul Ball, location: 2F
0-2: Ball
1-2: Ball
2-2: Ground out 6-3 (Groundball, 6)
Batting: RHB Apu Nahasapeemapetilon 0-0: Ball
1-0: SINGLE (Flyball, 89M)
Batting: RHB Reggie Kahn 0-0: Called Strike
0-1: Fielders Choice at 2nd, 1-4 (Groundball, 15S)
Batting: LHB Víctor Fortis 0-0: Called Strike
0-1: SINGLE (Flyball, 56D)
Reggie Kahn to second
Batting: LHB Marcos Deleón 0-0: Called Strike
0-1: Ball
1-1: Swinging Strike
1-2: Strikes out swinging
Top of the 2nd over - 0 runs, 2 hits, 0 errors, 2 left on base; Brinkley 1 - Sioux Falls 0
BOTTOM OF THE 2ND
Sioux Falls Red Pandas batting - Pitching for Brinkley Belugas : RHP Clancy McKinney
Batting: LHB John Brewer 0-0: Ball
1-0: Ball
2-0: Ball
3-0: Called Strike
3-1: Foul Ball, location: 2F
3-2: Foul Ball, location: 2F
3-2: Foul Ball, location: 2F
3-2: Foul Ball, location: 2F
3-2: Base on Balls
Batting: RHB Dave Henderson 0-0: Called Strike
0-1: Ball
1-1: Foul Ball, location: 2F
1-2: Foul Ball, location: 2F
1-2: Fly out, F9 (Flyball, 9D)
Batting: RHB Jay Parker 0-0: Foul Ball, location: 2F
0-1: Ball
1-1: Grounds into double play, 4-6-3 (Groundball, 34)
Bottom of the 2nd over - 0 runs, 0 hits, 0 errors, 0 left on base; Brinkley 1 - Sioux Falls 0
TOP OF THE 3RD
Brinkley Belugas batting - Pitching for Sioux Falls Red Pandas : LHP Hwen-thiang Qin
Batting: RHB Rubén Campos 0-0: Swinging Strike
0-1: Swinging Strike
0-2: Strikes out looking
Pitching: RHP Kazu Omori
Batting: RHB Wu-shiun Wang 0-0: Ball
1-0: Fly out, F9 (Flyball, 9S)
Batting: RHB Danilo Mosca 0-0: Ball
1-0: Called Strike
1-1: Ball
2-1: Ground out 6-3 (Groundball, 6)
Top of the 3rd over - 0 runs, 0 hits, 0 errors, 0 left on base; Brinkley 1 - Sioux Falls 0
BOTTOM OF THE 3RD
Sioux Falls Red Pandas batting - Pitching for Brinkley Belugas : RHP Clancy McKinney
Batting: LHB Augustus Driscoll 0-0: Called Strike
0-1: Foul Ball, location: 2F
0-2: Strikes out swinging
Batting: RHB Juan Aguirre 0-0: Ball
1-0: Foul Ball, location: 2F
1-1: Ball
2-1: Ball
3-1: Base on Balls
Batting: SHB Jorge Colomo 0-0: Called Strike
0-1: Called Strike
0-2: Ground out 5-3 (Groundball, 2L)
Juan Aguirre to second
Batting: RHB Logan Namajunas 0-0: Ground out 3-1 (Groundball, 34S)
Bottom of the 3rd over - 0 runs, 0 hits, 0 errors, 1 left on base; Brinkley 1 - Sioux Falls 0
TOP OF THE 4TH
Brinkley Belugas batting - Pitching for Sioux Falls Red Pandas : RHP Kazu Omori
Batting: RHB Leo Cadden 0-0: Ball
1-0: Ball
2-0: Called Strike
2-1: Swinging Strike
2-2: Ball
3-2: Base on Balls
Batting: RHB Brandon Cole 0-0: Ball
1-0: Ball
2-0: Swinging Strike
2-1: Called Strike
2-2: Foul Ball, location: 2F
2-2: Fly out, F8 (Flyball, 8RXD)
Batting: RHB Apu Nahasapeemapetilon 0-0: Ball
1-0: Called Strike
Leo Cadden steals 2nd base
1-1: Reached on error, E5 (Groundball, 56S)
Leo Cadden scores
Batting: RHB Reggie Kahn 0-0: Called Strike
0-1: Ball
1-1: Ball
2-1: Foul Ball, location: 2F
2-2: Ball
3-2: Strikes out swinging
Pitching: RHP Orlando Uribe
Batting: LHB Víctor Fortis 0-0: Ball
1-0: Foul Ball, location: 2F
1-1: Fly out, F8 (Flyball, 89D)
Top of the 4th over - 1 run, 0 hits, 1 error, 1 left on base; Brinkley 2 - Sioux Falls 0
BOTTOM OF THE 4TH
Sioux Falls Red Pandas batting - Pitching for Brinkley Belugas : RHP Clancy McKinney
Batting: RHB Lorenzo Díaz 0-0: Ball
1-0: SINGLE (Groundball, 34D)
Batting: SHB Carlos Kramer 0-0: Ground out 4-3 (Groundball, 34D)
Lorenzo Díaz to second
Batting: LHB John Brewer 0-0: Ball
1-0: Ball
2-0: Ball
3-0: Base on Balls
Batting: RHB Dave Henderson 0-0: Ball
1-0: Ball
2-0: Foul Ball, location: 2F
2-1: Ball
3-1: Base on Balls
Lorenzo Díaz to third
John Brewer to second
Batting: RHB Jay Parker 0-0: Ball
1-0: Called Strike
1-1: Ball
2-1: Foul Ball, location: 2F
2-2: Ball
3-2: Base on Balls
Lorenzo Díaz scores
John Brewer to third
Dave Henderson to second
Batting: LHB Augustus Driscoll 0-0: Ball
1-0: Fly out, F7 (Flyball, 7LM)
Runner from 3rd tags up, SCORES, throw made
Batting: RHB Juan Aguirre 0-0: Called Strike
0-1: Ball
1-1: Foul Ball, location: 2F
1-2: Foul Ball, location: 2F
1-2: Strikes out swinging
Bottom of the 4th over - 2 runs, 1 hit, 0 errors, 2 left on base; Brinkley 2 - Sioux Falls 2
TOP OF THE 5TH
Brinkley Belugas batting - Pitching for Sioux Falls Red Pandas : RHP Orlando Uribe
Batting: LHB Marcos Deleón 0-0: Ball
1-0: Called Strike
1-1: Ball
2-1: SINGLE (Groundball, P) (infield hit)
Batting: RHB Rubén Campos 0-0: Ball
1-0: Ball
2-0: Ball
3-0: Base on Balls
Marcos Deleón to second
Batting: RHB Wu-shiun Wang 0-0: Ball
1-0: Foul Ball, location: 2F
1-1: Grounds into double play, 4-6-3 (Groundball, 4)
Marcos Deleón to third
Batting: RHB Danilo Mosca 0-0: Intentional Walk
Batting: RHB Leo Cadden 0-0: Called Strike
0-1: Ball
1-1: Swinging Strike
1-2: Ball
2-2: Ball
3-2: Base on Balls
Danilo Mosca to second
Batting: RHB Brandon Cole 0-0: Ball
1-0: Ball
2-0: Ball
3-0: Called Strike
3-1: Base on Balls
Marcos Deleón scores
Danilo Mosca to third
Leo Cadden to second
Batting: RHB Apu Nahasapeemapetilon 0-0: Called Strike
0-1: Ball
1-1: Called Strike
1-2: Ball
2-2: Foul Ball, location: 2F
2-2: SINGLE (Groundball, 56D)
Danilo Mosca scores
Leo Cadden to third
Brandon Cole to second
Runner from 3rd tries for Home, SAFE, no throw
Pitching: RHP Jeff Territt
Batting: RHB Reggie Kahn 0-0: DOUBLE (Flyball, 8LXD)
Brandon Cole scores
Apu Nahasapeemapetilon to third
Runner from 3rd tries for Home, SAFE, no throw
Batting: LHB Víctor Fortis 0-0: Ball
1-0: Ball
2-0: Ball
3-0: Called Strike
3-1: Base on Balls
Batting: LHB Marcos Deleón 0-0: Ball
1-0: Ball
2-0: Foul Ball, location: 2F
2-1: Ball
3-1: Called Strike
3-2: Ground out U3 (Groundball, 3L)
Top of the 5th over - 5 runs, 3 hits, 0 errors, 2 left on base; Brinkley 7 - Sioux Falls 2
BOTTOM OF THE 5TH
Sioux Falls Red Pandas batting - Pitching for Brinkley Belugas : RHP Clancy McKinney
Batting: SHB Jorge Colomo 0-0: Foul Ball, location: 2F
0-1: Foul Ball, location: 2F
0-2: Ball
1-2: Fly out, F8 (Flyball, 8RD)
Batting: RHB Logan Namajunas 0-0: Ball
1-0: Ball
2-0: Ball
3-0: Base on Balls
Batting: RHB Lorenzo Díaz 0-0: Called Strike
Throwing error on steal attempt, E2
Logan Namajunas to third
0-1: Ball
1-1: SINGLE (Groundball, 4MD)
Logan Namajunas scores
Batting: SHB Carlos Kramer 0-0: Foul Ball, location: 2F
0-1: Fielders Choice at 2nd, 1-4 (Groundball, 15S)
Batting: LHB John Brewer 0-0: Ball
1-0: Fly out, F9 (Flyball, 9)
Bottom of the 5th over - 1 run, 1 hit, 1 error, 1 left on base; Brinkley 7 - Sioux Falls 3
TOP OF THE 6TH
Brinkley Belugas batting - Pitching for Sioux Falls Red Pandas : RHP Jeff Territt
Batting: RHB Rubén Campos 0-0: Ball
1-0: Swinging Strike
1-1: Ball
2-1: DOUBLE (Flyball, 8LXD)
Batting: RHB Wu-shiun Wang 0-0: Called Strike
0-1: Hit by Pitch
Batting: RHB Danilo Mosca 0-0: Ball
1-0: Called Strike
1-1: Grounds into double play, 3-6-3 (Groundball, 34)
Rubén Campos to third
Batting: RHB Leo Cadden 0-0: Called Strike
0-1: Fly out, F7 (Line Drive, 7LM)
Top of the 6th over - 0 runs, 1 hit, 0 errors, 1 left on base; Brinkley 7 - Sioux Falls 3
BOTTOM OF THE 6TH
Sioux Falls Red Pandas batting - Pitching for Brinkley Belugas : RHP Clancy McKinney
Batting: RHB Dave Henderson 0-0: SINGLE (Groundball, 56D)
Batting: RHB Jay Parker 0-0: Foul Ball, location: 2F
0-1: Called Strike
0-2: Ball
1-2: Ball
2-2: DOUBLE (Flyball, 78XD)
Dave Henderson to third
Batting: LHB Augustus Driscoll 0-0: Swinging Strike
0-1: Ball
1-1: Called Strike
1-2: Ball
2-2: Ball
3-2: Ground out 6-3 (Groundball, 6S)
Dave Henderson scores
Jay Parker to third
Pitching: LHP Júlio Romero
Batting: RHB Juan Aguirre 0-0: Ball
1-0: Ball
2-0: Foul Ball, location: 2F
2-1: Foul Ball, location: 2F
2-2: Ball
3-2: Ground out U3 (Groundball, 34)
Batting: SHB Jorge Colomo 0-0: Ball
1-0: Called Strike
1-1: Ball
2-1: Ball
3-1: Foul Ball, location: 2F
3-2: Strikes out swinging
Bottom of the 6th over - 1 run, 2 hits, 0 errors, 1 left on base; Brinkley 7 - Sioux Falls 4
TOP OF THE 7TH
Brinkley Belugas batting - Pitching for Sioux Falls Red Pandas : RHP Jeff Territt
Batting: RHB Brandon Cole 0-0: Called Strike
0-1: Called Strike
0-2: Ball
1-2: Ground out 6-3 (Groundball, 6)
Pitching: RHP Juan Sánchez
Batting: RHB Apu Nahasapeemapetilon 0-0: Ground out 1-3 (Groundball, 13)
Batting: RHB Reggie Kahn 0-0: Swinging Strike
0-1: Ball
1-1: Ground out 5-3 (Groundball, 56S)
Top of the 7th over - 0 runs, 0 hits, 0 errors, 0 left on base; Brinkley 7 - Sioux Falls 4
BOTTOM OF THE 7TH
Sioux Falls Red Pandas batting - Pitching for Brinkley Belugas : LHP Júlio Romero
Batting: RHB Logan Namajunas 0-0: Ball
1-0: Ground out 3-1 (Groundball, 3S)
Batting: RHB Lorenzo Díaz 0-0: Ball
1-0: Foul Ball, location: 2F
1-1: Ball
2-1: Swinging Strike
2-2: Strikes out swinging
Batting: SHB Carlos Kramer 0-0: Fly out, F8 (Flyball, 89D)
Bottom of the 7th over - 0 runs, 0 hits, 0 errors, 0 left on base; Brinkley 7 - Sioux Falls 4
TOP OF THE 8TH
Brinkley Belugas batting - Pitching for Sioux Falls Red Pandas : RHP Juan Sánchez
Batting: LHB Víctor Fortis 0-0: Called Strike
0-1: Swinging Strike
0-2: Ball
1-2: Foul Ball, location: 2F
1-2: Foul Ball, location: 2F
1-2: Ball
2-2: Ball
3-2: Foul Ball, location: 2F
3-2: Foul Ball, location: 2F
3-2: Foul Ball, location: 2F
3-2: Foul Ball, location: 2F
3-2: Strikes out swinging
Batting: LHB Marcos Deleón 0-0: Called Strike
0-1: Called Strike
0-2: SOLO HOME RUN (Flyball, 9D), Distance : 385 ft
Batting: RHB Rubén Campos 0-0: Ball
1-0: Ball
2-0: Foul Ball, location: 2F
2-1: Called Strike
2-2: Foul Ball, location: 2F
2-2: Strikes out swinging
Batting: RHB Wu-shiun Wang 0-0: Foul Ball, location: 2F
0-1: Ball
1-1: Ball
2-1: Ball
3-1: DOUBLE (Line Drive, 9D)
Batting: RHB Danilo Mosca 0-0: Intentional Walk
Batting: RHB Leo Cadden 0-0: Called Strike
0-1: Foul Ball, location: 2F
0-2: Ground out 5-3 (Groundball, 5S)
Top of the 8th over - 1 run, 2 hits, 0 errors, 2 left on base; Brinkley 8 - Sioux Falls 4
BOTTOM OF THE 8TH
Sioux Falls Red Pandas batting - Pitching for Brinkley Belugas : LHP Júlio Romero
Batting: LHB John Brewer 0-0: Ball
1-0: Ball
2-0: Ball
3-0: Foul Ball, location: 2F
3-1: Called Strike
3-2: Base on Balls
Batting: RHB Dave Henderson 0-0: Ball
1-0: Fielders Choice at 2nd, 4-6 (Groundball, 4)
Batting: RHB Jay Parker 0-0: Called Strike
0-1: Foul Ball, location: 2F
0-2: Foul Ball, location: 2F
0-2: Strikes out swinging
Batting: LHB Augustus Driscoll 0-0: Ball
1-0: Fly out, F8 (Flyball, 78M)
Bottom of the 8th over - 0 runs, 0 hits, 0 errors, 1 left on base; Brinkley 8 - Sioux Falls 4
TOP OF THE 9TH
Brinkley Belugas batting - Pitching for Sioux Falls Red Pandas : RHP Juan Sánchez
Batting: RHB Brandon Cole 0-0: Called Strike
0-1: Ball
1-1: Ball
2-1: Foul Ball, location: 2F
2-2: Ball
3-2: Base on Balls
Batting: RHB Apu Nahasapeemapetilon 0-0: Sac Bunt - play at first, batter OUT! 2-3
Brandon Cole to second
Batting: RHB Reggie Kahn 0-0: Called Strike
0-1: Ground out 4-3 (Groundball, 4)
Brandon Cole to third
Batting: LHB Víctor Fortis 0-0: Ball
1-0: Ball
2-0: Called Strike
2-1: Called Strike
2-2: Ball
Wild Pitch!
Brandon Cole scores
3-2: Reached on error, E6 (Groundball, 6)
Batting: LHB Marcos Deleón 0-0: Swinging Strike
0-1: Fly out, F8 (Line Drive, 8RXD)
Top of the 9th over - 1 run, 0 hits, 1 error, 1 left on base; Brinkley 9 - Sioux Falls 4
BOTTOM OF THE 9TH
Sioux Falls Red Pandas batting - Pitching for Brinkley Belugas : LHP Júlio Romero
Now at 1B: Mario Nieves
Now at SS: Jason Bringle
Batting: RHB Juan Aguirre 0-0: Ball
1-0: Called Strike
1-1: Ball
2-1: Foul Ball, location: 2F
2-2: Ball
3-2: Foul Ball, location: 2F
3-2: Foul Ball, location: 2F
3-2: Foul Ball, location: 2F
3-2: Foul Ball, location: 2F
3-2: Foul Ball, location: 2F
3-2: Base on Balls
Batting: SHB Jorge Colomo 0-0: Swinging Strike
0-1: Foul Ball, location: 2F
0-2: Fly out, F9 (Flyball, 9)
Batting: RHB Logan Namajunas 0-0: Ball
1-0: Ball
2-0: Ball
3-0: Base on Balls
Juan Aguirre to second
Batting: RHB Lorenzo Díaz 0-0: Ball
1-0: Ball
2-0: Called Strike
2-1: Foul Ball, location: 2F
2-2: Foul Ball, location: 2F
2-2: Strikes out swinging
Batting: SHB Carlos Kramer 0-0: Ball
1-0: Fielders Choice at 2nd, 6-4 (Groundball, 6)
Bottom of the 9th over - 0 runs, 0 hits, 0 errors, 2 left on base; Brinkley 9 - Sioux Falls 4
Sunday, March 18th, 2018 - OOTP Baseball 18.8 Build 76